 Dungeon Crawl Stone Soup version 0.31-a0-354-g827e0957a7 (webtiles) character file.

Game seed: 8652382695986101180

160 bearieblonde the Covered (level 5, 0/48 HPs)
             Began as an Armataur Fighter on July 24, 2023.
             Killed from afar by Ijyb (12 damage)
             ... with a bolt of dispelling energy
             ... on level 3 of the Dungeon.
             The game lasted 00:05:58 (1998 turns).

bearieblonde the Covered (Armataur Fighter)         Turns: 1998, Time: 00:05:59

Health: 0/48       AC:  7    Str: 21    XL:     5   Next: 17%
Magic:  5/5        EV:  7    Int: 10    God:
Gold:   63         SH:  4    Dex: 10    Spells: 4/4 levels left

rFire   . . .        a - +0 flail
rCold   . . .        c - +0 buckler
rNeg    . . .        b - +0 scale mail
rPois   .            (no helmet)
rElec   .            (no cloak)
rCorr   .            (no gloves)
SInv    .            (no barding)
Will    .....        (no amulet) Stlth
                     (no ring)
HPRegen 0.28/turn    (no ring)
MPRegen 0.09/turn

%: roll
@: no status effects
A: large, rugged brown scales 3, deformed body, armoured tail, roll, long
tongue, awkward tongue
a: no special abilities


You were on level 3 of the Dungeon.
You visited 1 branch of the dungeon, and saw 3 of its levels.

You collected 87 gold pieces.
You spent 24 gold pieces at shops.

Inventory:

Hand Weapons
 a - a +0 flail (weapon)
Armour
 b - a +0 scale mail (worn)
 c - a +0 buckler (worn)
Scrolls
 e - a scroll of amnesia {unknown}
 f - a scroll of teleportation {unknown}
 i - a scroll of blinking {unknown}
 k - a scroll of immolation {unknown}
 l - a scroll of butterflies {unknown}
 m - a scroll of fog {unknown}
Potions
 d - 2 potions of might
 g - 3 potions of mutation {unknown}
 h - a potion of degeneration {unknown}
 j - 3 potions of curing
 n - a potion of attraction {unknown}


   Skills:
 * Level 3.1 Fighting
 * Level 3.3 Maces & Flails
 * Level 4.7 Armour
 + Level 0.5 Dodging
 * Level 1.3 Stealth
 * Level 3.8 Shields


You had 4 spell levels left.
You didn't know any spells.
Your spell library was empty.

Dungeon Overview and Level Annotations

Branches:
Dungeon (3/15)

Altars:
Ashenzari
Makhleb

Shops:
D:2 *

Annotations:
D:3 Ijyb, Robin


Innate Abilities, Weirdness & Mutations

You are completely covered in rugged brown scales. (AC +3, +7% HP)
Armour fits poorly on your strangely shaped body.
You have a long armoured tail.
You roll when moving toward enemies. (Rampage)
Your long tongue fully drains potion bottles. (2x potion effects)
Your tongue gives you trouble enunciating. (1.5x scroll delay)


Message History

Ijyb screams, "Me stronger than you!"
The goblin throws a stone.
The stone hits you but does no damage.
Natasha zaps a wand.
The puff of flame hits you!
Ijyb screams, "Get away!"
Ijyb screams, "I no like you!"
The goblin throws a stone.
You block the stone.
There is an open door here.
Ijyb screams, "Me very upset!"
Things that are here:
a +0 dagger; a +0 dagger; a goblin corpse Natasha zaps a wand.
The puff of flame hits you!
You roll towards Natasha!
Natasha claws you.
You sock Natasha!
Natasha is heavily wounded.
Natasha zaps a wand.
The puff of flame misses you.
You hit Natasha but do no damage.
Natasha is heavily wounded.
Natasha zaps a wand.
The puff of flame misses you.
You sock Natasha!
You kill Natasha!
Natasha screams in pain as she dies!
Ijyb zaps a wand.
The bolt of dispelling energy misses you.
You have reached level 5!
You roll towards Ijyb!
You hit Ijyb but do no damage. You block Ijyb's attack.
You barely miss Ijyb. Ijyb hits you with a +0 club.
You hit Ijyb.
Ijyb is lightly wounded.
Ijyb hits you with a +0 club. You block Ijyb's attack.
You closely miss Ijyb.
Ijyb is lightly wounded.
Ijyb hits you but does no damage.
You hit Ijyb.
Ijyb is moderately wounded.
Ijyb zaps a wand.
The bolt of dispelling energy hits you!
* * * LOW HITPOINT WARNING * * *
You sock Ijyb!
Your tail-slap misses Ijyb.
Ijyb is heavily wounded.
Ijyb zaps a wand.
The bolt of dispelling energy hits you!
You die...

#### ..# #. #.. #.#
####.. #.. #.# #....#
#..# #.######### #.....
# #..###.#.......#
#...g#
#.##.>.##.#.......#
#....#
#.......#@#)......#
#.g.g#
#....#g#.......###....#
#.....r'...ggg...)....'
#...##.#.......###....#
#.†.##.#.......# #....#
#...##.######### ######
##'###.######## #.#
#.........
##'############


You could see Ijyb and a rat.

Vanquished Creatures
  An orc priest (D:3)
  Natasha (twice) (D:3)
  An adder (D:3)
  2 dart slugs
  3 orcs (D:3)
  8 ball pythons
  3 bats
  An endoplasm (D:3)
  3 giant cockroaches
  3 hobgoblins
  7 jackals (D:1)
  10 kobolds
  2 quokkas
  A frilled lizard (D:3)
  13 goblins
  2 rats
62 creatures vanquished.

Notes
Turn   | Place    | Note
-------+----------+-------------------------------------------
     0 | D:1      | bearieblonde the Armataur Fighter began the quest for the
                  | Orb.
     0 | D:1      | Reached XP level 1. HP: 19/19 MP: 1/1
    57 | D:1      | Reached XP level 2. HP: 26/26 MP: 2/2
   104 | D:1      | Reached skill level 4 in Armour
   378 | D:1      | Reached XP level 3. HP: 30/32 MP: 3/3
  1169 | D:2      | Found Jilu's Assorted Antiques.
  1172 | D:2      | Bought a scroll labelled JENYICITOUJI for 24 gold pieces
  1691 | D:3      | Reached skill level 1 in Stealth
  1691 | D:3      | Reached XP level 4. HP: 25/40 MP: 4/4
  1777 | D:3      | Noticed Natasha
  1785 | D:3      | Killed Natasha
  1831 | D:3      | Found a burning altar of Makhleb.
  1848 | D:3      | Found a broken altar of Ashenzari.
  1928 | D:3      | Noticed Ijyb
  1963 | D:3      | Noticed Natasha
  1974 | D:3      | Noticed Robin
  1992 | D:3      | Killed Natasha
  1993 | D:3      | Reached XP level 5. HP: 27/48 MP: 5/5
  1998 | D:3      | Killed from afar by Ijyb

Illustrated notes

Levels and vault maps discovered:
D:1:      beargit_arrival_diablo_church, layout_basic
D:2:      layout_loops_corners, serial_shops, nicolae_shop_behind_doors
D:3:      layout_basic, mainiacjoe_overflow_catwalk, nicolae_overflow_squiral,
          amethyst_killhole, nicolae_goblin_pals, uniq_natasha

Skill      XL: |  1  2  3  4 |
---------------+-------------+-----
Maces & Flails | 2 3 |  3.3
Armour         | 4 |  4.7
Fighting       | 3 |  3.1
Stealth        | 1 |  1.3
Dodging        | |  0.5
Shields        | |  3.8

Action                     |  1- 3 |  4- 6 || total
---------------------------+-------+-------++-------
  Melee: Flail             |   149 |    40 ||   189
         Tailslap          |    18 |     3 ||    21
    Use: Scroll            |     2 |       ||     2
 Armour: Scale mail        |    88 |    19 ||   107
  Dodge: Dodged            |    51 |    13 ||    64
  Block: Buckler           |    31 |     8 ||    39

Table legend: (Time is in decaauts)
 A = Elapsed time spent in this place.
 B = Non-inter-level travel time spent in this place.
 C = Inter-level travel time spent in this place.
 D = Time resting spent in this place.
 E = Time spent auto-exploring this place.
 F = Levels seen in this place.
 G = Mean time per level.
                   A        B        C        D        E       F      G
               +--------+--------+--------+--------+--------+-----+--------+
         Total |   2064 |   2026 |     38 |      0 |   1479 |   3 |  688.0 |
       Dungeon |   2064 |   2026 |     38 |      0 |   1479 |   3 |  688.0 |
               +--------+--------+--------+--------+--------+-----+--------+

Top non-repeatable levels by time:
     D:2: 899 daAuts
     D:1: 680 daAuts
     D:3: 484 daAuts
